 Dungeon Crawl Stone Soup version 0.30-a0-137-gd8773701ce (webtiles) character file.

Game seed: 15484866224257252264

114 LnG the Caller (level 5, -6/28 HPs)
             Began as a Kobold Summoner on Sept 21, 2022.
             Mangled by a river rat (9 damage)
             ... in a sewer.
             The game lasted 00:13:50 (3895 turns).

LnG the Caller (Kobold Summoner)                    Turns: 3895, Time: 00:13:51

Health: -6/28      AC:  3    Str: 11    XL:     5   Next: 18%
Magic:  7/9        EV: 15    Int: 19    God:
Gold:   147        SH:  0    Dex: 15    Spells: 1/10 levels left

rFire   . . .      SeeInvis .    l - +0 dagger (speed)
rCold   . . .      Faith    .    (no shield)
rNeg    . . .      Spirit   .    a - +0 robe
rPois   .          Reflect  .    t - +0 helmet
rElec   .          Harm     .    (no cloak)
rCorr   .          Rampage  .    (no gloves)
Will    .....                    (no boots)
Stlth   ++++......               i - amulet of magic regeneration
HPRegen 0.09/turn                f - +6 ring of strength
MPRegen 0.51/turn                (no ring)

@: hasted, very quick
A: small, no large weapons, nightstalker 3
a: no special abilities


You were in a sewer.
You visited 1 branch of the dungeon, and saw 3 of its levels.
You also visited: Sewer.

You collected 147 gold pieces.

Inventory:

Hand Weapons
 l - a +0 dagger of speed (weapon)
Armour
 a - a +0 robe (worn)
 t - a +0 helmet (worn)
Jewellery
 f - a +6 ring of strength (left hand)
 i - an amulet of magic regeneration (around neck)
Scrolls
 c - 2 scrolls of enchant weapon
 g - a scroll of teleportation
 k - 4 scrolls of summoning
 m - a scroll of poison {unknown}
 n - a scroll of blinking {unknown}
 p - a scroll of brand weapon {unknown}
 q - a scroll of magic mapping {unknown}
 r - a scroll of fear {unknown}
 s - a scroll of butterflies {unknown}
Potions
 b - a potion of magic
 d - a potion of berserk rage
 h - 2 potions of mutation
 j - a potion of heal wounds {unknown}


   Skills:
 + Level 0.1 Fighting
 + Level 1.1 Short Blades
 + Level 2.8 Dodging
 + Level 4.0 Stealth
 + Level 3.1 Spellcasting
 + Level 4.9 Summonings


You had one spell level left.
You knew the following spells:

 Your Spells              Type           Power      Damage    Failure   Level
a - Summon Small Mammal   Summ           84%        N/A       1%          1
b - Call Imp              Summ           21%        N/A       3%          2
c - Call Canine Familiar  Summ           21%        N/A       6%          3
d - Summon Guardian Gole  Hex/Summ       12%        N/A       16%         3

Your spell library contained the following spells:

 Spells                   Type           Power      Damage    Failure   Level
 Sandblast                Erth           4%         2d4       16%         1
 Passwall                 Tmut/Erth      1%         N/A       22%         2
 Stone Arrow              Conj/Erth      4%         3d7       41%         3
 Summon Lightning Spire   Summ/Air       12%        N/A       47%         4
 Arcjolt                  Conj/Air       1%         1d11      99%         5
 Iskenderun's Battlesphe  Conj           2%         2d6       99%         5
 Iron Shot                Conj/Erth      1%         9d1       100%        6
 Spellforged Servitor     Conj/Summ      6%         N/A       100%        7


Dungeon Overview and Level Annotations

Branches:
Dungeon (3/15)              Sewer (1/1)

Altars:


Innate Abilities, Weirdness & Mutations

You are small and have problems with some larger weapons.
You are completely attuned to the shadows.


Message History

The river rat misses you.
Your hound bites the river rat but does no damage.
You completely miss the river rat.
The river rat is almost dead.
Your bat closely misses the river rat.
Your bat misses the river rat.
Your quokka bites the river rat.
Your hound barely misses the river rat.
Unknown command.
You hit the river rat but do no damage.
The river rat is almost dead.
Your bat closely misses the river rat.
The river rat closely misses you. The river rat misses your hound.
The river rat barely misses you.
Your quokka bites the river rat but does no damage.
Unknown command.
You barely miss the river rat.
The river rat is almost dead.
Your bat hits the river rat but does no damage.
Your hound closely misses the river rat.
Your bat hits the river rat.
Unknown command.
You hit the river rat but do no damage.
The river rat is almost dead.
Your bat hits the river rat but does no damage.
Your hound closely misses the river rat.
Your quokka bites the river rat but does no damage.
The river rat bites your hound.
Your hound dies!
Your hound's corpse disappears in a puff of smoke!
The river rat misses you. The river rat barely misses you.
Your bat barely misses the river rat.
Casting: Summon Small Mammal (safe; 1% risk of failure)
Confirm with . or Enter, or press ? or * to list all spells.
The spell is quite dangerous to miscast (6% risk of failure)!
Continue anyway?
Your bat hits the river rat but does no damage.
Your quokka bites the river rat.
The river rat barely misses you. The river rat bites you.
* * * LOW HITPOINT WARNING * * *
It was a potion of haste.
You feel yourself speed up.
Your bat misses the river rat. x2; Your quokka bites the river rat.
The river rat barely misses you. The river rat bites you!
You die...

#.#..#.##.≈~#
#.'..'.##~≈~#
#?'..†.##~≈.#
#.#..#.##~≈~#
###..####~≈~#
#..# #~≈~#
#..####~≈~#
#..#.##~≈~#
+.@rb##~≈~#
+.rrh##.≈~#
#..#r##~≈~#
#..####.≈~#
#..# #~≈.#
#∩∩# #~≈~#
#~≈~# #.≈~#
#~≈~#


You could see 3 river rats, a friendly hound (summoned), a friendly quokka
(summoned) and a friendly bat (summoned).

Vanquished Creatures
  2 worms
  An endoplasm (D:1)
  2 giant cockroaches
  2 hobgoblins (D:1)
  2 jackals (Sewer)
  8 ball pythons
  4 bats
  3 frilled lizards (D:1)
  A kobold (D:1)
  5 rats
30 creatures vanquished.

Vanquished Creatures (collateral kills)
  Terence (D:2)
  2 adders
  A river rat (Sewer)
  2 worms
  A bat (Sewer)
  2 giant cockroaches
  3 goblins
  3 jackals (D:1)
  A quokka (Sewer)
  4 ball pythons
  7 kobolds
  A rat (D:2)
28 creatures vanquished.

Grand Total: 58 creatures vanquished

Notes
Turn   | Place    | Note
-------+----------+-------------------------------------------
     0 | D:1      | LnG the Kobold Summoner began the quest for the Orb.
     0 | D:1      | Reached XP level 1. HP: 10/10 MP: 3/3
   818 | D:1      | Reached XP level 2. HP: 15/15 MP: 5/5
  1091 | D:1      | Found a faded altar of an unknown god.
  1098 | D:1      | Reached XP level 3. HP: 19/19 MP: 6/6
  1232 | D:1      | Learned a level 2 spell: Call Imp
  2238 | D:2      | Learned a level 3 spell: Call Canine Familiar
  2347 | D:2      | Noticed Terence
  2354 | D:2      | Killed Terence
  2355 | D:2      | Reached XP level 4. HP: 11/24 MP: 5/8
  3233 | D:3      | Found a glowing drain.
  3251 | Sewer    | Entered a sewer
  3621 | Sewer    | Learned a level 3 spell: Summon Guardian Golem
  3701 | Sewer    | Reached skill level 1 in Short Blades
  3724 | Sewer    | Reached XP level 5. HP: 27/28 MP: 9/9
  3895 | Sewer    | Mangled by a river rat

Illustrated notes

Levels and vault maps discovered:
D:1:      dpeg_arrival_rhombi, layout_loops_corners, basic_ecumenical_altar,
          nicolae_figureground_sparkle
D:2:      layout_basic, uniq_terence
D:3:      minmay_general_purpose_star, layout_basic, lemuel_tele_altar,
          nicolae_sif_muna_condensation, gup_sewer_entry_bubbles
Sewer:    sewer_fruit_machine

Skill      XL: |  1  2  3  4 |
---------------+-------------+-----
Stealth        | 3 4 |  4.0
Spellcasting   | 3 |  3.1
Short Blades   | 1 |  1.1
Fighting       | |  0.1
Dodging        | |  2.8
Summonings     | |  4.9

Action                   |  1- 3 |  4- 6 || total
-------------------------+-------+-------++-------
Melee: Dagger            |    57 |   102 ||   159
       Unarmed           |     4 |       ||     4
 Cast: Summon Small Mamm |    19 |    13 ||    32
       Call Imp          |     6 |     6 ||    12
       Call Canine Famil |       |     5 ||     5
  Use: Scroll            |       |     4 ||     4
       Potion            |       |     1 ||     1
 Stab: Sleeping          |    12 |     5 ||    17
       Distracted        |     1 |       ||     1
Armor: Robe              |     3 |    12 ||    15
Dodge: Dodged            |    40 |    69 ||   109

Table legend: (Time is in decaauts)
 A = Elapsed time spent in this place.
 B = Non-inter-level travel time spent in this place.
 C = Inter-level travel time spent in this place.
 D = Time resting spent in this place.
 E = Time spent auto-exploring this place.
 F = Levels seen in this place.
 G = Mean time per level.
                   A        B        C        D        E       F      G
               +--------+--------+--------+--------+--------+-----+--------+
         Total |   3903 |   3764 |    139 |   1090 |   1403 |   4 |  975.8 |
       Dungeon |   3235 |   3096 |    139 |    738 |   1339 |   3 | 1078.3 |
         Sewer |    667 |    667 |      0 |    352 |     64 |   1 |  667.0 |
               +--------+--------+--------+--------+--------+-----+--------+

Top non-repeatable levels by time:
     D:1: 1573 daAuts
     D:2: 1386 daAuts
   Sewer: 667 daAuts
     D:3: 275 daAuts
